[Event "*** Qualifier 1: Titled Tuesday 3|2 Blitz"]
[Site "Chess.com"]
[Date "2017.04.04"]
[Round "1"]
[White "agser"]
[Black "dolynachess"]
[Result "1-0"]
[WhiteElo "2630"]
[BlackElo "2302"]
[TimeControl "180+2"]
[EndTime "13:08:17 PDT"]
[Termination "agser won on time"]

1. Nf3 Nf6 2. g3 g6 3. Bg2 Bg7 4. d4 O-O 5. O-O c5 6. dxc5 Na6 7. Be3 Qc7 8. Na3 Ng4 9. Bd4 e5 10. Nb5 Qa5 11. Nxe5 Nxe5 12. a4 Qb4 13. c3 Qc4 14. Nd6 Qe6 15. b4 Rb8 16. h3 Nc7 17. f4 Nc6 18. f5 Bxd4+ 19. cxd4 Qe3+ 20. Kh2 Qxd4 21. Qc1 Ne8 22. Nxe8 Rxe8 23. f6 Qe3 24. Qc4 b6 25.
Rf3 Qe4 26. Qc1 1-0

[Event "*** Qualifier 1: Titled Tuesday 3|2 Blitz"]
[Site "Chess.com"]
[Date "2017.04.04"]
[Round "1"]
[White "Rock700chess"]
[Black "Blitzstream"]
[Result "0-1"]
[WhiteElo "2197"]
[BlackElo "2492"]
[TimeControl "180+2"]
[EndTime "13:08:19 PDT"]
[Termination "Blitzstream won by resignation"]

1. e4 d5 2. exd5 Qxd5 3. Nf3 Bg4 4. Be2 Nc6 5. d4 O-O-O 6. c3 e5 7. Be3 e4 8. Nfd2 Bxe2 9. Qxe2 f5 10. g4 g6 11. h4 Nf6 12. c4 Qd7 13. gxf5 gxf5 14. Nb3 Nb4 15. Nc3 Nd3+ 16. Kd1 Bb4 17. Bg5 Rhf8 18. Nd5 Nxd5 19. cxd5 Rde8 20. Rg1 Qxd5 21. Bd2 Nxb2+ 22. Kc2 Nd3 23. Rad1 Re6 24. Bxb4 Nxb4+ 25. Kb1 Ra6 26. Rd2 Nxa2 27. Rxa2 Qxb3+ 28. Rb2 Qa4 29. Qb5 Qxb5 30. Rxb5 Rf7 31. h5 Rb6 32. Rxb6 axb6 33. Kc2 Kd7 34. h6 Ke6 35. Kd2 b5 36. Ke3 b6 37.
Rg7 Rxg7 38. hxg7 Kf7 0-1

[Event "*** Qualifier 1: Titled Tuesday 3|2 Blitz"]
[Site "Chess.com"]
[Date "2017.04.04"]
[Round "1"]
[White "Th3ChessViking"]
[Black "Sebastian"]
[Result "0-1"]
[WhiteElo "2311"]
[BlackElo "2615"]
[TimeControl "180+2"]
[EndTime "13:08:28 PDT"]
[Termination "Sebastian won by resignation"]

1. d4 d5 2. Bf4 Bf5 3. e3 e6 4.
c4 Bd6 5. Bg3 Nf6 6. Nc3 O-O 7.
Nf3 h6 8. Bd3 Bxd3 9. Qxd3 c6 10. O-O Bxg3 11. hxg3 Nbd7 12. e4 dxe4 13. Nxe4 Nxe4 14. Qxe4 Qa5 15. Qe1 Qc7 16. Rc1 Rad8 17. Qb4 c5 18. dxc5 Nxc5 19. Rcd1 Rd6 20. Qc3 Rfd8 21.
Qc2 Nd3 22. Rd2 e5 23. Rfd1 e4 24. Nh2 Qc5 25. Ng4 Rg6 26. Ne3 Rxg3 27. fxg3 Qxe3+ 28. Kh2 Rd6 29. Re2 Qd4 30. b3 Re6 31. Qd2 f5 32. Qe3 Qxe3 33. Rxe3 Kf7 34. Rf1 Kg6 35. Re2 Kg5 36. Rd1 Rd6 37. Kg1 Kg4 38. Re3 g5 39. Rd2 Rd4 40. Kf1 h5 41. Rde2 Nc5 42. Rc2 Rd1+ 43. Ke2 Rg1 44. Kf2 Ra1 45. Ree2 f4 46.
gxf4 gxf4 47. Red2 e3+ 0-1

[Event "*** Qualifier 1: Titled Tuesday 3|2 Blitz"]
[Site "Chess.com"]
[Date "2017.04.04"]
[Round "1"]
[White "Aragon"]
[Black "rubhani"]
[Result "0-1"]
[WhiteElo "2037"]
[BlackElo "2402"]
[TimeControl "180+2"]
[EndTime "13:08:29 PDT"]
[Termination "rubhani won by checkmate"]

1. e4 c6 2. d3 d5 3. Nd2 e5 4. Ngf3 Bd6 5. d4 exd4 6. exd5 cxd5 7. Nxd4 Nc6 8. N2b3 Nge7 9. c3 O-O 10. Bd3 a6 11. O-O Ng6 12. Qh5 Nce5 13. Bc2 Bg4 14. Qg5 Qc7 15. Qe3 Nc4 16. Qe1 Bxh2+ 17. Kh1 Rae8 18. Be3 Bg3 19. Qc1 Nxe3 20. fxe3 Qd8 21. Nf3 Bxf3 22. Rxf3 Qh4+ 23. Kg1 Qh2+ 24. Kf1 Qh1+ 25. Ke2 Qxg2+ 26. Kd3 Ne5+ 27. Kd4 Nxf3+ 28. Kc5 Re7 29. Nd4 Nxd4 30. exd4 Rc8+ 31. Kb4 Bd6+ 32. Kb3 Qe2 33. Bf5 Qc4+ 34. Kc2 Re2+ 35. Kb1 Rce8 36. b3 Qc7 37. Bc2 Re1 38. Bd1 Qe7 39. a4 Qe4+ 40. Ka2 Qg2+ 41.
Qc2 Qxc2+ 42. Bxc2 Rxa1+ 43. Kxa1 h5 44. c4 h4 45. c5 Bc7 46. Bf5 g6 47. Bd7 Rd8 48.
Bh3 f5 49. Kb2 Ba5 50. Ka3 Bc3 51. b4 Bxd4 52. Kb3 Be5 53. Kc2 Kf7 54. Kd3 Ke6 55. b5 axb5 56. axb5 g5 57. Bf1 g4 58. Ke3 h3 59. c6 bxc6 60. bxc6 h2 61. Bg2 d4+ 62. Kd3 f4 63. Be4 f3 64. Kc4 h1=Q 65. c7 Qc1+ 66. Kb5 Qxc7 67. Ka6 Rb8 68. Bd5+ Ke7 69. Bxf3 Qb6# 0-1

[Event "*** Qualifier 1: Titled Tuesday 3|2 Blitz"]
[Site "Chess.com"]
[Date "2017.04.04"]
[Round "1"]
[White "ShimanovAlex"]
[Black "geeeeri"]
[Result "1-0"]
[WhiteElo "2627"]
[BlackElo "2308"]
[TimeControl "180+2"]
[EndTime "13:08:36 PDT"]
[Termination "ShimanovAlex won by resignation"]

1. d4 e6 2. Bf4 d5 3. e3 Nf6 4. Nd2 c5 5. c3 Nc6 6. Ngf3 Bd6 7. Bg3 Qc7 8. Bb5 Bd7 9. dxc5 Bxg3 10. hxg3 Qa5 11.
a4 Qc7 12. O-O a6 13. Bxc6 bxc6 14. b4 e5 15. e4 O-O 16. Re1 Bg4 17. Qc2 Rfe8 18.
exd5 cxd5 19. Re3 e4 20. Nd4 Bd7 21. Nf1 Qe5 22. Ree1 Qh5 23. Ne3 Rac8 24. c4 Re5 25. cxd5 Qh6 26. c6 Bg4 27. f4 Rh5 28. Kf2 Bf3 29.
Rg1 Rh2 30. d6 Qh3 31. Nxf3 exf3 32. Kxf3 Qh5+ 33. Kf2 Re8 34. d7 Nxd7 35. cxd7 Rd8 36. Qc7 1-0

[Event "*** Qualifier 1: Titled Tuesday 3|2 Blitz"]
[Site "Chess.com"]
[Date "2017.04.04"]
[Round "1"]
[White "davidarenas1224"]
[Black "Sethu0025"]
[Result "0-1"]
[WhiteElo "2304"]
[BlackElo "2612"]
[TimeControl "180+2"]
[EndTime "13:08:36 PDT"]
[Termination "Sethu0025 won by resignation"]

1. e4 c5 2. Nf3 e6 3. d4 cxd4 4.
Nxd4 Nc6 5. Nc3 Qc7 6. Be2 a6 7.
Be3 Nf6 8. O-O Be7 9. f4 d6 10.
Kh1 O-O 11. Qe1 Na5 12. Rd1 b5 13. a3 Bb7 14. Bd3 Nd7 15. f5 e5 16. Nde2 Nc4 17. Bc1 Ncb6 18. Ng3 Kh8 19. Nh5 Nf6 20. Qe2 Rad8 21.
Bg5 Nxh5 22. Bxe7 Qxe7 23. Qxh5 Qf6 24. g4 g6 25. Qh6 Qg7 26. Qxg7+ Kxg7 27. f6+ Kg8 28. Kg1 h6 29. h4 Rc8 30. Rfe1 Rfd8 31.
Kf2 Nd7 32. g5 Nc5 33. Bf1 Rb8 34. Bh3 Bc6 35. Ke3 b4 36. axb4 Rxb4 37. b3 Nxe4 38. Nd5 Bxd5 39. Rxd5 hxg5 40. Red1 g4 41. Bxg4 Nxf6 42.
Bf3 Nxd5+ 43. Bxd5 Rxh4 44. Rf1 Rd7 45. Rf6 Kg7 46.
Rf3 f5 47. c4 Kf6 48. Rf2 g5 49. Ra2 Rh3+ 0-1

[Event "*** Qualifier 1: Titled Tuesday 3|2 Blitz"]
[Site "Chess.com"]
[Date "2017.04.04"]
[Round "1"]
[White "MorpheusPro"]
[Black "fastestmindalive"]
[Result "0-1"]
[WhiteElo "2083"]
[BlackElo "2420"]
[TimeControl "180+2"]
[EndTime "13:08:37 PDT"]
[Termination "fastestmindalive won by resignation"]

1. d4 Nf6 2. c4 e5 3. dxe5 Ng4 4. Bf4 Nc6 5. Nf3 Bb4+ 6. Nc3 Qe7 7. Qd5 f6 8. exf6 Nxf6 9. Qd3 O-O 10. e3 Ne4 11. Be2 d6 12. O-O Bxc3 13. bxc3 Bf5 14. Qd5+ Kh8 15. Rac1 Bg6 16. Bg5 Qe8 17.
Bh4 Nc5 18. Qd2 h6 19. Qd1 Qe4 20. Bg3 Nd3 21. Bxd3 Qxd3 22. Nd2 Ne5 23. Bxe5 dxe5 24. Nf3 Rfe8 25. Qxd3 Bxd3 26. Rfd1 Bxc4 27. Rd7 Rac8 28. Rcd1 Bxa2 29. R1d2 Bc4 30. h3 a5 31. Nh4 Kh7 32. Nf5 Be6 33. Rxg7+ Kh8 34. Re7 Bxf5 35. Rxe8+ Rxe8 36. Ra2 Ra8 37. f3 a4 38. Ra3 c5 39. e4 Be6 40. Kf2 b5 0-1

[Event "*** Qualifier 1: Titled Tuesday 3|2 Blitz"]
[Site "Chess.com"]
[Date "2017.04.04"]
[Round "1"]
[White "pedroholly22"]
[Black "Tesla37"]
[Result "1-0"]
[WhiteElo "2288"]
[BlackElo "2565"]
[TimeControl "180+2"]
[EndTime "13:08:51 PDT"]
[Termination "pedroholly22 won by resignation"]

1. d4 Nf6 2. c4 d6 3. Nf3 Nbd7 4.
Nc3 e5 5. g3 c6 6. Bg2 Be7 7.
O-O O-O 8. e4 a6 9. Re1 Qc7 10.
h3 b5 11. b3 Bb7 12. Be3 b4 13. Na4 Nxe4 14. dxe5 dxe5 15. Nxe5 Nxe5 16. Bxe4 Rad8 17. Qe2 Nd7 18. Rad1 Rfe8 19. Bf4 Qa5 20. Qf3 Bf6 21. Bxc6 Rxe1+ 22. Rxe1 Bxc6 23. Qxc6 Qf5 24. Kg2 g5 25. Be3 Ne5 26. Qb7 Rd7 27. Qa8+ Kg7 28. Nc5 Rd8 29.
Qe4 Kg6 30. g4 Qxe4+ 31. Nxe4 h6 32. Nxf6 Kxf6 33. c5 Nd3 34. Re2 Ne5 35. Rc2 Ke6 36. c6 Rc8 37. c7 Kd7 38. f4 gxf4 39. Bxf4 f6 40. Bxh6 Rxc7 41. Rxc7+ Kxc7 42. Bf4 Kd6 43. Kf2 Kd5 44. Bxe5 Kxe5 45. Ke3 a5 46. h4 Kd5 47.
Kd3 Ke5 48. g5 fxg5 49. hxg5 1-0

[Event "*** Qualifier 1: Titled Tuesday 3|2 Blitz"]
[Site "Chess.com"]
[Date "2017.04.04"]
[Round "1"]
[White "TheLancer"]
[Black "twitchTriniCupid"]
[Result "1-0"]
[WhiteElo "2467"]
[BlackElo "2155"]
[TimeControl "180+2"]
[EndTime "13:08:54 PDT"]
[Termination "TheLancer won by resignation"]

1. e4 c6 2. d4 d5 3. Nc3 dxe4 4.
Nxe4 Bf5 5. Ng3 Bg6 6. h4 h6 7.
Nf3 Nd7 8. h5 Bh7 9. Bd3 Bxd3 10. Qxd3 e6 11. Bd2 Ngf6 12. O-O-O Be7 13. Ne4 O-O 14. Nxf6+ Nxf6 15. Kb1 Qd5 16. Rde1 Ng4 17. Qe2 c5 18. Ne5 Nxe5 19. dxe5 c4 20. g4 Rac8 21.
f4 Rfd8 22. Bc1 c3 23. b3 a6 24. g5 Rc5 25. Rhg1 Kh8 26. g6 fxg6 27. Rxg6 Rf8 28. Reg1 Rf7 29. Qg4 Bf8 30. Rxh6+ Kg8 31. Rxe6 Qe4 32. Rg6 Rc6 33. Rxc6 Qxc6 34. e6 Re7 35. f5 Re8 36. h6 Qc7 37. Qg6 Qe7 38. hxg7 Bxg7 39. Bh6 Rf8 40. Qxg7+ Qxg7 41. Rxg7+ Kh8 42.
e7 Re8 43. f6 1-0

[Event "*** Qualifier 1: Titled Tuesday 3|2 Blitz"]
[Site "Chess.com"]
[Date "2017.04.04"]
[Round "1"]
[White "aa175"]
[Black "yian123"]
[Result "0-1"]
[WhiteElo "1880"]
[BlackElo "2375"]
[TimeControl "180+2"]
[EndTime "13:08:55 PDT"]
[Termination "yian123 won by checkmate"]

1. e4 e5 2. Nf3 Nc6 3. Bc4 Bc5 4.
Nc3 Nf6 5. d3 h6 6. h3 a6 7. a4 d6 8. Be3 O-O 9. O-O Re8 10. Qd2 Be6 11. Nd5 Bxd5 12. Bxd5 Nxd5 13. exd5 Nb4 14. c4 a5 15. Bxc5 dxc5 16. Rfe1 Qd6 17. Qc3 f6 18. b3 Qd7 19. Nd2 b6 20. Ne4 c6 21. dxc6 Qxc6 22. Rad1 Rad8 23. Rd2 Rd4 24. Re3 Red8 25. f3 f5 26. Nf2 Qf6 27. Qc1 Kh8 28.
Qf1 Qg5 29. Qe2 Nc6 30. Rd1 h5 31. Kh2 h4 32. Rd2 Kg8 33. Kg1 R4d6 34. Rd1 Nd4 35. Qd2 f4 36. Re4 Nxf3+ 37. Kf1 Nxd2+ 38. Rxd2 f3 39. Ng4 Qxd2 40. g3 Qg2+ 41. Ke1 hxg3 42. Kd1 f2 43. Nf6+ Rxf6 44. Rg4 f1=Q# 0-1

[Event "*** Qualifier 1: Titled Tuesday 3|2 Blitz"]
[Site "Chess.com"]
[Date "2017.04.04"]
[Round "1"]
[White "jeaston1"]
[Black "NTBT_DHS"]
[Result "0-1"]
[WhiteElo "2152"]
[BlackElo "2460"]
[TimeControl "180+2"]
[EndTime "13:08:57 PDT"]
[Termination "NTBT_DHS won by resignation"]

1. d4 Nf6 2. c4 g6 3. Nc3 Bg7 4. e4 d6 5. f3 O-O 6. Be3 c5 7. dxc5 dxc5 8. Qxd8 Rxd8 9. Bxc5 Nc6 10. Nge2 b6 11. Ba3 e6 12. Nb5 a6 13. Nd6 Bf8 14.
Nxc8 Bxa3 15. bxa3 Raxc8 16. Rc1 Nd7 17. Ng3 h5 18. h4 Nde5 19. Kf2 Rd2+ 20. Ke3 Rxa2 21. Rc3 Rd8 22. Be2 Rdd2 23. Re1 Nd4 24. f4 Ng4+ 25. Bxg4 hxg4 26. Nf1 Re2+ 27. Rxe2 Nxe2 28. Rd3 Nc1 29. Rd8+ Kg7 30. g3 Re2+ 31. Kd4 Rf2 32. Ke5 Rxf1 33. Rd6 Rf3 34. Rxb6 Rxa3 35. c5 Nd3+ 36. Kd4 Nxc5 37. Kxc5 Rxg3 38. Rxa6 Rh3 39. Kd4 Rxh4 40. Ke5 Rh5+ 41.
Kd4 g3 42. Ra3 Rh3 43. Rf3 g2 0-1

[Event "*** Qualifier 1: Titled Tuesday 3|2 Blitz"]
[Site "Chess.com"]
[Date "2017.04.04"]
[Round "1"]
[White "FearNoEvil12"]
[Black "EvgenyT"]
[Result "1/2-1/2"]
[WhiteElo "2100"]
[BlackElo "2401"]
[TimeControl "180+2"]
[EndTime "13:08:59 PDT"]
[Termination "Game drawn by repetition"]

1. e4 e5 2. d4 exd4 3. Bc4 Nf6 4.
Nf3 Nc6 5. e5 d5 6. Bb5 Ne4 7.
Nxd4 Bd7 8. Bxc6 bxc6 9. O-O Bc5 10. f3 Ng5 11. f4 Ne4 12. Nc3 Nxc3 13. bxc3 Bf5 14.
Be3 Be4 15. Qd2 Qd7 16. Qf2 g6 17. Rae1 Bb6 18. f5 gxf5 19. Nxf5 Qxf5 20. Qxf5 Bxf5 21. Rxf5 Rg8 22. Kf1 Rg6 23. Bg5 Kf8 24. h4 h6 25. Bf6 Kg8 26. e6 fxe6 27. Rxe6 Rf8 28. Rxc6 h5 29. a4 a5 30. Re6 Rg4 31. Re7 Rf7 32. Rg5+ Rxg5 33. hxg5 Rxe7 34. Bxe7 Kf7 35. Bf6 Kg6 36. Ke2 Kf5 37. Kf3 c5 38. Kg3 c4 39.
Kh4 Kg6 40. Bd4 Bd8 41. Be3 Bc7 42. g4 hxg4 43. Kxg4 Be5 44. Bd4 Bc7 45. Bf6 Bb6 46. Kf4 Bc7+ 47. Kg4 Bb6 48. Kf4 Bc7+ 49. Kg4 Bb6 1/2-1/2

[Event "*** Qualifier 1: Titled Tuesday 3|2 Blitz"]
[Site "Chess.com"]
[Date "2017.04.04"]
[Round "1"]
[White "tigra"]
[Black "WanderingPuppet"]
[Result "1-0"]
[WhiteElo "2613"]
[BlackElo "2300"]
[TimeControl "180+2"]
[EndTime "13:09:00 PDT"]
[Termination "tigra won on time"]

1. e4 c5 2. Nf3 d6 3. d4 cxd4 4. Nxd4 Nf6 5. Nc3 e6 6. g4 h6 7. Rg1 Nc6 8. Be3 a6 9. h4 e5 10. Nxc6 bxc6 11. g5 Nd7 12. g6 f6 13.
Qd3 Nc5 14. Bxc5 dxc5 15. Qc4 Qe7 16. Bh3 Bxh3 17. O-O-O Be6 18. Qa4 Qb7 19. f4 Be7 20. f5 Bd7 21. Qc4 Rf8 22. Rg3 O-O-O 23. Rgd3 Kc7 24. a3 Qb6 25. R1d2 a5 26. Kb1 Bc8 27. Rxd8 Bxd8 28. b3 Be7 29. Na4 Qb5 30. Qc3 c4 31.
Ka2 cxb3+ 32. cxb3 Rd8 33. Rc2 Rd3 34. Qb2 Ba6 35.
Nc3 Qb6 36. Nd5+ Rxd5 37. exd5 Bc5 38. Qc3 Kd6 39. dxc6 Bd4 40. Qf3 a4 41. b4 Bb5 42.
c7 Bd7 43. c8=N+ Bxc8 44. Rxc8 Kd7 45. Rc4 Qb5 46. Rc2 Kd6 47. Qe4 Qd5+ 48. Qxd5+ Kxd5 49. Rc7 e4 50. Rxg7 e3 51. Rd7+ Ke4 52. g7 e2 53. g8=Q e1=Q 54. Qd5+ 1-0

[Event "*** Qualifier 1: Titled Tuesday 3|2 Blitz"]
[Site "Chess.com"]
[Date "2017.04.04"]
[Round "1"]
[White "Vamostodorecto"]
[Black "Noukii"]
[Result "0-1"]
[WhiteElo "2344"]
[BlackElo "2683"]
[TimeControl "180+2"]
[EndTime "13:09:03 PDT"]
[Termination "Noukii won by resignation"]

1. d4 d5 2. c4 c6 3. Nf3 Nf6 4.
Nc3 a6 5. e3 Bf5 6. cxd5 cxd5 7. Bd3 Bxd3 8. Qxd3 Nc6 9. a3 e6 10. O-O Be7 11. Ne5 Nxe5 12. dxe5 Nd7 13. f4 Nc5 14. Qc2 Rc8 15. Kh1 O-O 16. Qe2 f5 17. Bd2 Nb3 18.
Rad1 Qb6 19. Be1 Rfd8 20. Bf2 Qc6 21. Qh5 Bxa3 22. Nxd5 Rxd5 23. bxa3 Nd2 24. Rfe1 Ne4 25. Bg1 g6 26. Qh4 Rc7 27. h3 b5 28. Rc1 Qd7 29. Rxc7 Qxc7 30. Rf1 Kg7 31. Ra1 Qd8 32. Qe1 Rd2 33. a4 b4 34. Rb1 a5 35. Qc1 Qd7 36.
Kh2 Qb7 37. Qf1 b3 38. Qb5 Qxb5 39. axb5 a4 40. b6 Rd5 41. b7 Rb5 42. Ra1 b2 0-1

[Event "*** Qualifier 1: Titled Tuesday 3|2 Blitz"]
[Site "Chess.com"]
[Date "2017.04.04"]
[Round "1"]
[White "indfraeng"]
[Black "Feegus"]
[Result "0-1"]
[WhiteElo "1749"]
[BlackElo "2359"]
[TimeControl "180+2"]
[EndTime "13:09:04 PDT"]
[Termination "Feegus won by resignation"]

1. d4 Nf6 2. c4 c5 3. d5 b5 4. Qc2 bxc4 5. e4 d6 6. Bxc4 g6 7. Nc3 Bg7 8. Nf3 O-O 9. O-O Bg4 10. Qd3 Nbd7 11. h3 Bxf3 12. Qxf3 Rb8 13. Qe2 Ne8 14. f4 Nc7 15. Be3 Rb4 16. Rac1 Qb8 17.
b3 Rb6 18. Na4 Rb4 19. a3 Rb7 20. Nc3 a6 21. a4 Rb4 22. Na2 Rb7 23. Rb1 Rb6 24.
b4 cxb4 25. Bxb6 Qxb6+ 26. Kh1 a5 27. Bb5 Nc5 28. Nc1 Rb8 29. Bc4 Nxa4 30. Qc2 Nc3 31. Rb3 a4 32. Rb1 Qc5 33. Bd3 Nxb1 34. Qxb1 b3 35. Re1 Qc3 36. Rd1 a3 37. Be2 Qc2 38. Qxc2 bxc2 39. Rd2 Rb1 40. Rxc2 Rxc1+ 41. Rxc1 a2 42. e5 Nxd5 43. Ra1 Nc3 44. Bc4 dxe5 45. Bxa2 exf4 46. Bb3 Bf6 47. Ra8+ Kg7 48. Rc8 h5 49.
Kg1 g5 50. Kf2 g4 51. hxg4 hxg4 52. Rc4 Be5 53. Rc5 Ne4+ 0-1

[Event "*** Qualifier 1: Titled Tuesday 3|2 Blitz"]
[Site "Chess.com"]
[Date "2017.04.04"]
[Round "1"]
[White "CalinGheorghiu"]
[Black "anon102030"]
[Result "1-0"]
[WhiteElo "2246"]
[BlackElo "2523"]
[TimeControl "180+2"]
[EndTime "13:09:06 PDT"]
[Termination "CalinGheorghiu won on time"]

1. d4 Nf6 2. c4 e5 3. dxe5 Ng4 4. Nf3 Nc6 5. Nc3 Ngxe5 6. Nxe5 Nxe5 7. e4 Bb4 8. Be2 O-O 9. O-O Bxc3 10. bxc3 d6 11. Be3 b6 12. f4 Nd7 13. Bf3 Bb7 14. Bd4 Re8 15. Qc2 Nc5 16. Rae1 Qd7 17. e5 Bxf3 18. Rxf3 dxe5 19. Bxc5 bxc5 20. fxe5 Re6 21.
Rd1 Qc6 22. Rd5 Rae8 23. Qf5 R6e7 24. Rh3 g6 25. Qf4 f5 26. Rhd3 Kg7 27. h4 Qa4 28. Qg5 Qxc4 29. h5 Qg4 30. h6+ Kg8 31. Qf6 Rf7 32.
Qc6 Rfe7 33. Rd8 1-0

[Event "*** Qualifier 1: Titled Tuesday 3|2 Blitz"]
[Site "Chess.com"]
[Date "2017.04.04"]
[Round "1"]
[White "politeplayer"]
[Black "biostatistician"]
[Result "0-1"]
[WhiteElo "2130"]
[BlackElo "2455"]
[TimeControl "180+2"]
[EndTime "13:09:08 PDT"]
[Termination "biostatistician won by resignation"]

1. e4 e6 2. d4 d5 3. Bd3 dxe4 4.
Bxe4 Nf6 5. Bf3 Nbd7 6. Ne2 e5 7. dxe5 Nxe5 8. Qxd8+ Kxd8 9. Nd2 Bd6 10. O-O Re8 11. Ng3 Nxf3+ 12. Nxf3 Bg4 13. Bg5 Ke7 14. Nd4 Kf8 15.
Bxf6 gxf6 16. f3 Bd7 17. Rae1 Bc5 18. c3 f5 19. Kh1 Bxd4 20. cxd4 Kg7 21. Nh5+ Kg6 22.
Nf4+ Kg5 23. Nd5 c6 24. f4+ Kg6 25. Nc3 Re6 26. Kg1 Rae8 27. Rxe6+ fxe6 28. Kf2 Rd8 29. Rd1 Be8 30. Ke3 Kf6 31. Rd2 Bh5 32. Na4 b6 33. Rc2 Rc8 34. b4 Ke7 35. b5 Kd6 36. bxc6 Rxc6 37.
Rxc6+ Kxc6 38. Nc3 b5 39. a3 a5 40. h3 b4 41.
axb4 axb4 42. Nb1 Kb5 43. Nd2 Ka4 44. Kd3 Ka3 45. Nc4+ Kb3 46. Na5+ Kb2 47. Kc4 Ka3 48. d5 Be2+ 49. Kd4 exd5 50. Kxd5 Bf1 51. g4 Bxh3 52.
g5 b3 53. Nxb3 Kxb3 54. Ke5 Kc4 55. Kf6 Kd5 56. Kg7 Ke4 57. Kxh7 Kxf4 58. g6 Bf1 59. g7 Bc4 60. g8=Q Bxg8+ 61. Kxg8 Kg4 0-1

[Event "*** Qualifier 1: Titled Tuesday 3|2 Blitz"]
[Site "Chess.com"]
[Date "2017.04.04"]
[Round "1"]
[White "GM_Donatello"]
[Black "cheese111"]
[Result "1-0"]
[WhiteElo "2558"]
[BlackElo "2235"]
[TimeControl "180+2"]
[EndTime "13:09:13 PDT"]
[Termination "GM_Donatello won on time"]

1. e4 d5 2. exd5 Nf6 3. Nf3 Bg4 4.
d4 Qxd5 5. Be2 Nc6 6. c4 Qf5 7. Be3 O-O-O 8. Nbd2 Bxf3 9. Nxf3 e5 10. d5 e4 11. Nd4 Nxd4 12. Qxd4 c5 13. Qd2 b6 14. h3 Bd6 15. g4 Qe5 16. O-O-O Kb8 17. Kb1 Nd7 18. h4 f5 19. gxf5 Qxf5 20. Rdg1 Be5 21.
Bg4 Qf7 22. Be6 Qe7 23. h5 Rhf8 24. Qc2 Nf6 25. Rg2 Bd4 26. Rhg1 Nxh5 27. Qxe4 Bxe3 28. fxe3 g6 29. Qe5+ Qd6 30. Qxd6+ Rxd6 31. e4 Nf4 32.
Rh2 Nxe6 33. dxe6 Rxe6 34. Rxh7 Rxe4 35. Rxg6 Rxc4 36. a3 Rd4 37. Rgg7 Rd6 38. Rb7+ Kc8 39. Rxa7 Kb8 40. Rhb7+ Kc8 41. Rg7 Kb8 42. Rae7 Rfd8 43. Ka2 Rf8 44. Kb3 Kc8 45. Kc4 Kd8 46. Ra7 Ke8 47.
Kb5 1-0

[Event "*** Qualifier 1: Titled Tuesday 3|2 Blitz"]
[Site "Chess.com"]
[Date "2017.04.04"]
[Round "1"]
[White "filali-oujda"]
[Black "OparinGrigoriy"]
[Result "0-1"]
[WhiteElo "2264"]
[BlackElo "2594"]
[TimeControl "180+2"]
[EndTime "13:09:18 PDT"]
[Termination "OparinGrigoriy won by resignation"]

1. e4 e5 2. Nf3 Nc6 3. Bc4 Bc5 4.
b4 Bxb4 5. c3 Ba5 6. d4 d6 7.
dxe5 dxe5 8. Qb3 Qe7 9. O-O Bb6 10. Ba3 Qf6 11. Bb5 Ne7 12. Nbd2 Be6 13. Qa4 O-O 14. Bxc6 Nxc6 15. Bxf8 Rxf8 16. Nc4 Bc5 17. Qb5 Bxc4 18. Qxc4 Bd6 19. Rab1 Nd8 20. Rfd1 h5 21. Qe2 b6 22.
Ne1 g6 23. g3 Ne6 24. Nc2 h4 25. Ne3 Kg7 26. Ng4 Qg5 27. Ne3 Bc5 28. Ng2 hxg3 29. hxg3 Rh8 30. Qf3 Rh3 31. Kf1 Qe7 32. Nh4 Qxh4 33.
Qxf7+ Kxf7 34. gxh4 Rxh4 35. Rd7+ Kf6 36. Kg2 Rg4+ 37.
Kf3 Rf4+ 38. Kg3 Bxf2+ 39. Kg2 Bc5 40. Rf1 Rxf1 41. Kxf1 g5 42. Kg2 Bd6 43. Kf3 Nc5 44.
Rd8 g4+ 45. Ke3 Ne6 46. Rg8 Bc5+ 47. Kd3 Ng5 48. Ke2 g3 49. Kf1 Nxe4 50. Kg2 Ke6 51. c4 Bf2 52. Rg4 Kf5 53. Rg7 Ng5 54. Rxc7 Ne6 55.
Rxa7 Nf4+ 56. Kf1 Bc5 57. Rg7 g2+ 0-1

[Event "*** Qualifier 1: Titled Tuesday 3|2 Blitz"]
[Site "Chess.com"]
[Date "2017.04.04"]
[Round "1"]
[White "Sanan_Sjugirov"]
[Black "MyleneFarmer"]
[Result "1-0"]
[WhiteElo "2699"]
[BlackElo "2345"]
[TimeControl "180+2"]
[EndTime "13:09:20 PDT"]
[Termination "Sanan_Sjugirov won on time"]

1. d4 d5 2. Nf3 Nf6 3. Bg5 Ne4 4.
Bh4 Bf5 5. e3 Nd7 6. Nbd2 c6 7.
Be2 Qb6 8. O-O e6 9. Nxe4 Bxe4 10. Nd2 Bg6 11. Qc1 Bd6 12. c4 Qc7 13. f4 Nf6 14.
Bxf6 gxf6 15. Qc3 h5 16. Rac1 h4 17. Bd3 Bxd3 18. Qxd3 Qd7 19. a3 O-O-O 20. b4 Kb8 21. c5 Bc7 22. Rb1 e5 23. b5 Ba5 24. fxe5 fxe5 25.
bxc6 Qxc6 26. Rxf7 Bc7 27. dxe5 d4 28. exd4 Rhg8 29. Qf3 Qxf3 30. Nxf3 h3 31. g3 Rdf8 32. Rxf8+ Rxf8 33. Kf2 b6 34. Ke3 Kc8 35. cxb6 Bxb6 36.
Ke4 Kd7 37. d5 Rc8 38. Rd1 Rc4+ 39. Kf5 Rc3 40. Ng5 Rxa3 41. e6+ Ke7 42. d6+ Ke8 43.
Ne4 Ra5+ 44. Kg6 Re5 45. Nf6+ 1-0

[Event "*** Qualifier 1: Titled Tuesday 3|2 Blitz"]
[Site "Chess.com"]
[Date "2017.04.04"]
[Round "1"]
[White "gmcorrales"]
[Black "jcgs1030"]
[Result "0-1"]
[WhiteElo "2569"]
[BlackElo "2281"]
[TimeControl "180+2"]
[EndTime "13:09:28 PDT"]
[Termination "jcgs1030 won by resignation"]

1. e4 c5 2. Nf3 d6 3. c3 Nf6 4.
Be2 Nbd7 5. d3 b6 6. O-O Bb7 7. b3 g6 8. h3 Bg7 9. Re1 O-O 10. Bf1 Qc7 11. Bb2 Rfe8 12. Nbd2 e6 13. Rc1 Rac8 14. d4 Qb8 15. a4 Qa8 16. Qe2 a6 17. g4 e5 18. d5 h5 19. Nh2 hxg4 20. hxg4 Nh7 21. c4 b5 22. axb5 axb5 23. cxb5 Qa2 24. Bc3 Qa8 25. Nc4 Qb8 26. Ra1 Ng5 27. Bg2 Nf6 28. b6 Rcd8 29. Ra7 Nd7 30. Rea1 Bf8 31. Bd2 Nh7 32. g5 Be7 33. Qg4 Ndf8 34. Nf3 Bc8 35. Qh4 Bb7 36. Na5 Rd7 37. Nc6 Bxc6 38. dxc6 Rxa7 39. bxa7 Qa8 40. Bh3 Qxc6 41. Bf1 Ra8 42. Bc4 Qb6 43. Qg4 Rxa7 44. Rxa7 Qxa7 45. Nh4 Qa8 46. Kg2 Kg7 47. Qf3 Ne6 48. Nxg6 Nhxg5 49. Qg4 Kxg6 50. f3 Qa2 51. Qf5+ Kg7 52. Kg3 Qxd2 53.
Kg4 Qg2+ 54. Kh4 Nxf3+ 55. Kh5 Qg6+ 56. Qxg6+ fxg6+ 57. Kg4 Nfd4 58. Bd5 Nf4 0-1

[Event "*** Qualifier 1: Titled Tuesday 3|2 Blitz"]
[Site "Chess.com"]
[Date "2017.04.04"]
[Round "1"]
[White "Osensei"]
[Black "Alex_Molchanov"]
[Result "0-1"]
[WhiteElo "1195"]
[BlackElo "2357"]
[TimeControl "180+2"]
[EndTime "13:09:29 PDT"]
[Termination "Alex_Molchanov won by resignation"]

1. e4 e6 2. d4 d5 3. e5 c5 4. c3 Nc6 5. Nf3 Qb6 6. a3 c4 7. Nbd2 Na5 8. g3 Bd7 9. Bh3 h6 10. O-O Ne7 11. Ne1 O-O-O 12. Ng2 Kb8 13. Ne3 f5 14. exf6 gxf6 15. Rb1 h5 16. b3 cxb3 17.
c4 Ba4 18. Bb2 h4 19. Bg2 Qa6 20. cxd5 Nxd5 21. Ne4 hxg3 22. hxg3 f5 23. Ng5 Nxe3 24. fxe3 Bh6 25. Nf7 Bxe3+ 26. Rf2 Nc4 27. Nxd8 Rxd8 28.
Qd3 Bxf2+ 29. Kxf2 Nxb2 30. Qxa6 bxa6 31. Rxb2 Rxd4 32. Ke3 Rd1 33. Bf3 Rc1 34. Kf4 Kc7 35. Ke5 Kd7 36. Rd2+ Ke7 37. Rb2 Rc2 38. Rb1 b2 39. Bd1 Rc1 40. Rxb2 Rxd1 41. Rb7+ Bd7 42. Rxa7 Rd5+ 43. Kf4 a5 44. Kg5 a4 45. g4 fxg4+ 46.
Kxg4 Rd3 47. Kf4 Rxa3 48. Ke4 Ra1 49. Rc7 Kd6 50. Ra7 Bc6+ 51. Kd4 a3 52. Ra6 e5+ 53.
Kc4 e4 54. Kb3 Kc5 55. Ra5+ Kd4 56. Ra6 Bd5+ 57. Kc2 a2 58. Ra4+ Bc4 59. Kb2 Rb1+ 60. Kc2 a1=Q 61. Rxa1 Rxa1 0-1

[Event "*** Qualifier 1: Titled Tuesday 3|2 Blitz"]
[Site "Chess.com"]
[Date "2017.04.04"]
[Round "1"]
[White "superjem123"]
[Black "Titus369"]
[Result "1-0"]
[WhiteElo "2505"]
[BlackElo "2195"]
[TimeControl "180+2"]
[EndTime "13:09:37 PDT"]
[Termination "superjem123 won by resignation"]

1. c4 e6 2. Nc3 d5 3. d4 Nf6 4.
cxd5 exd5 5. Bg5 Be7 6. Qc2 Nbd7 7. e3 c6 8. Bd3 Nh5 9. Bxe7 Qxe7 10. Nf3 Nf4 11. Bf1 Nf6 12. Ne5 Ng6 13. Nxg6 hxg6 14. Bd3 Bd7 15. O-O-O O-O-O 16. h3 Kb8 17. Rhe1 Bc8 18.
f3 Qd6 19. Na4 Rhe8 20. Nc5 Nd7 21. Nb3 b6 22. Kb1 Bb7 23. e4 dxe4 24. fxe4 c5 25. e5 Qe7 26. Bb5 cxd4 27. Rxd4 Nc5 28. Bxe8 Rxd4 29.
Nxd4 Qxe8 30. Nb3 Ne6 31. Rd1 Qa4 32. Ka1 Nc5 33. Qc3 Bxg2 34. Rd8+ Kc7 35. Nxc5 bxc5 36. Rd2 Bc6 37. Qxc5 Qe4 38. Qd6+ Kb7 39. Qe7+ Kb6 40. Rd1 Qc2 41. Qd8+ Kb7 42. Qd3 Qxd3 43. Rxd3 Be4 44. Rd7+ Kb6 45. Rxf7 Bf5 46. Rxg7 a5 47. h4 Kc6 48. b3 Kd5 49. Ra7 Kxe5 50. Rxa5+ Kf4 51. Ra4+ Kg3 52. Rd4 1-0